 Dungeon Crawl Stone Soup version 0.21.1-1-g345015f (webtiles) character file.

30 inc the Scratcher (level 3, 0/15 HPs)
             Began as a Felid Chaos Knight on Feb 23, 2018.
             Slain by an adder (4 damage)
             ... on level 2 of the Dungeon.
             The game lasted 00:01:46 (817 turns).

inc the Scratcher (Felid Chaos Knight)               Turns: 817, Time: 00:01:47

Health: 0/15       AC:  1    Str:  8    XL:     3   Next: 3%
Magic:  4/4        EV: 18    Int: 14    God:    Xom [..*...]
Gold:   23         SH:  0    Dex: 15    Spells: 2/2 levels left
                                        Lives:  0   Deaths: 0

rFire    . . .     SeeInvis +     - Unarmed
rCold    + . .     Gourm    .   (shield unavailable)
rNeg     . . .     Faith    .   (armour unavailable)
rPois    .         Spirit   .   (helmet unavailable)
rElec    .         Reflect  .   (cloak unavailable)
rCorr    .         Harm     .   (gloves unavailable)
MR       .....                  (boots unavailable)
Stlth    ++........             (no amulet)
HPRegen  0.05/turn              c - ring of protection from cold
MPRegen  0.09/turn              (no ring)

@: lethally poisoned (0 -> -6), quick
A: very small, no armour, no weapons or thrown items, stealth, claws 1, fangs 3,
see invisible, carnivore, speed 1, frail 1, mutation resistance 1, shaggy fur 1,
slow metabolism 1, sharp paws
a: Renounce Religion


You were on level 2 of the Dungeon.
You worshipped Xom.
You were a toy of Xom.
You were not hungry.

You visited 1 branch of the dungeon, and saw 2 of its levels.

You collected 23 gold pieces.

Inventory:

Jewellery
 c - a ring of protection from cold (left paw)
Scrolls
 b - 2 scrolls of teleportation {unknown}
 e - a scroll of enchant weapon {unknown}
 f - a scroll of fear {unknown}
Potions
 d - 2 potions of resistance {unknown}
 g - a potion of flight {unknown}
Comestibles
 a - a ration


   Skills:
 - Level 3.0 Fighting
 - Level 3.2 Dodging
 + Level 4.2 Unarmed Combat


You had 2 spell levels left.
You didn't know any spells.

Dungeon Overview and Level Annotations

Branches:
Dungeon (2/15)

Altars:


Innate Abilities, Weirdness & Mutations

You cannot wear armour.
You are incapable of wielding weapons or throwing items.
Your paws allow you to move quietly. (Stealth)
You have sharp claws.
You have razor-sharp teeth.
You have supernaturally acute eyesight. (SInv)
You are carnivorous and can eat meat at any time.
You cover ground quickly.
You are covered in fur. (AC +1)
You have a slow metabolism.
Your sharp claws are effective at attacking unaware monsters.
You are frail. (-10% HP)
You are somewhat resistant to further mutation.


Message History

You are too injured to fight recklessly!
You scratch the adder. Your bite misses the adder.
The adder is lightly wounded.
The adder barely misses you.
You scratch the adder. Your bite misses the adder.
The adder is moderately wounded.
The adder closely misses you.
You barely miss the adder.
The adder is moderately wounded.
The adder bites you.
You are poisoned.
The adder poisons you!
You barely miss the adder.
The adder is moderately wounded.
* * * LOW HITPOINT WARNING * * *
You feel sick. The adder barely misses you. The adder completely misses you.
You closely miss the adder.
The adder is moderately wounded.
The adder bites you.
You die...

#..........#.#.#
#...########...#
#...# ##..# #.).#
#..# #...# #..# #
#...##########.#
...
##'###..).......
.....#.###........
.........!.@S......
......#............
......#............
#+### #............
#.......%....
#............
#............
#............


You could see an adder.

Vanquished Creatures
  A dart slug (D:1)
  2 leopard geckos (D:1)
  6 bats
  A giant cockroach (D:1)
  2 hobgoblins (D:1)
  3 kobolds
  4 frilled lizards (D:1)
  3 goblins (D:1)
  2 rats (D:1)
24 creatures vanquished.

Notes
Turn   | Place    | Note
-------+----------+-------------------------------------------
     0 | D:1      | inc the Felid Chaos Knight began the quest for the Orb.
     0 | D:1      | Reached XP level 1. HP: 10/10 MP: 2/2
    13 | D:1      | XOM: silly message
   165 | D:1      | XOM: smoke on damage
   221 | D:1      | Reached XP level 2. HP: 11/14 MP: 3/3
   270 | D:1      | XOM: harmless Summ miscast
   469 | D:1      | Reached skill level 4 in Unarmed Combat
   529 | D:1      | XOM is BORED!
   529 | D:1      | XOM: noise
   532 | D:1      | Gained mutation: You are frail. (-10% HP) [potion of mutation]
   532 | D:1      | Gained mutation: You are somewhat resistant to further mutation. [potion of mutation]
   685 | D:2      | Reached XP level 3. HP: 9/15 MP: 4/4
   817 | D:2      | Slain by an adder

Skill      XL: |  1  2 |
---------------+-------+-----
Unarmed Combat | 4 |  4.2
Fighting       | |  3.0
Dodging        | |  3.2

Action                   || total
-------------------------++-------
Melee: Unarmed           ||    58
       Bite              ||     2
  Use: Potion            ||     1
 Stab: Sleeping          ||     6
Armor: Skin              ||     2
Dodge: Dodged            ||    47
